AoeStats
← Mau5

Nomad

509392731Analyzed
3v3 RM · 4d ago on Sep 26, 2026· 42m 56s· 6 players
Game mode
Random Map
Map size
210×210
Population
200
Speed
Normal
Resources
Standard
Victory
Conquest
Starting age
Dark Age
Ending age
Imperial Age
RankedLock teamsTeams togetherTeam positionsShared explorationLock speedFull tech treeHidden civsTurbo modeCheats
Victory
Defeat
🇺🇾 Bengalis · Uruguay
1659
+11
🇦🇷 Japanese · Argentina
1494
+17
🇦🇷 Spanish · Argentina
1468
+18
🇦🇺 Danes · Australia
1567
-17
🇶🇦 Varangians · Qatar
1516
-15
🇪🇸 Italians · Spain
1500
-14
Sauron_ator
4:55 Loom
16:19 Feudal Age
20:22 Castle Age
18:57 Double-Bit Axe
19:18 Stone Mining
23:13 Horse Collar
23:46 Bow Saw
24:46 Fletching
24:56 Padded Archer Armor
JanChess
4:29 Loom
13:56 Feudal Age
17:54 Castle Age
17:28 Scale Barding Armor
17:23 Double-Bit Axe
18:52 Bow Saw
18:56 Horse Collar
20:54 Fletching
Mau5
10:51 Loom
13:00 Feudal Age
17:18 Castle Age
15:30 Fishing Lines
16:21 Fletching
16:46 Double-Bit Axe
17:56 Bodkin Arrow
18:14 Bow Saw
20:29 Medium Warships
23:48 Stone Mining
23:49 Gold Mining
25:51 Gold Shaft Mining
27:11 Ballistics
26:46 Horse Collar
29:11 Wheelbarrow
33:23 Imperial Age
30:40 Town Watch
31:52 Bloodlines
31:42 Husbandry
31:44 Padded Archer Armor
31:53 Thumb Ring
32:39 Hand Cart
34:08 Bracer
35:10 Chemistry
34:35 Leather Archer Armor
34:06 Cranequins
37:00 Heavy Mounted Crossbowman
37:57 Scale Mail Armor
38:08 Forging
38:17 Elite Jomsviking
40:37 Conscription
40:51 Squires
42:36 Chain Mail Armor
le ignacio
6:08 Loom
13:45 Feudal Age
14:41 Town Watch
18:02 Castle Age
20:15 Double-Bit Axe
26:51 Horse Collar
29:43 Gold Mining
33:12 Bow Saw
33:48 Wheelbarrow
33:20 Heavy Plow
35:04 Gold Shaft Mining
35:21 Fletching
40:49 Imperial Age
39:31 Hand Cart
39:17 Padded Archer Armor
40:01 Bodkin Arrow
40:21 Leather Archer Armor
39:28 Crossbowman
40:44 Ballistics
40:33 Stone Mining
41:10 Thumb Ring
41:37 Bracer
42:07 Ring Archer Armor
41:09 Arbalester
Mini Rich pakt
9:58 Loom
12:16 Feudal Age
12:46 Double-Bit Axe
13:01 Town Watch
15:48 Fishing Lines
19:23 Wheelbarrow
21:42 Castle Age
23:16 Town Patrol
28:51 Bow Saw
28:36 Horse Collar
30:07 Gold Mining
31:49 Hand Cart
31:39 Heavy Plow
33:53 Bloodlines
33:43 Husbandry
33:49 Scale Barding Armor
36:36 Imperial Age
34:53 Chain Barding Armor
35:30 Forging
36:04 Fortified Wall
37:02 Iron Casting
36:39 Cavalier
37:57 Plate Barding Armor
39:02 Blast Furnace
37:58 Capped Ram
39:12 Paladin
43:24 Chemistry
[GGnT] Nanito_Uy
5:20 Loom
14:41 Feudal Age
18:42 Castle Age
16:47 Stone Mining
18:08 Double-Bit Axe
20:45 Bow Saw
20:49 Town Watch
20:55 Fletching
24:18 Wheelbarrow
24:05 Horse Collar
29:05 Gold Mining
31:18 Heavy Plow
31:52 Forging
32:23 Bloodlines
32:14 Husbandry
35:12 Padded Archer Armor
35:07 Bodkin Arrow
36:34 Leather Archer Armor
40:53 Imperial Age
38:58 Husbandry
41:46 Bracer
42:26 Conscription
Connection lost

Rejoining the realm…

Still unreachable

The connection could not be restored.

Session expired

The server has moved on; the page needs a fresh start.